[Event "Late-Titled-Tuesday-Blitz-April-16-2024"]
[Site "Chess.com"]
[Date "2024.04.16"]
[Round "7"]
[White "TanitoluwaAps116"]
[Black "maximnovik"]
[Result "1-0"]
[WhiteElo "2794"]
[BlackElo "2578"]
[TimeControl "180+1"]
[EndTime "15:15:19 PDT"]
[Termination "TanitoluwaAps116 won by resignation"]

1. e4 c6 2. d4 d5 3. e5 Bf5 4. Nf3 e6 5. Be2 Nd7 6. O-O a6 7. c3 c5 8. Be3 c4 9. b3 b5 10. a4 h6 11. Nbd2 Ne7 12. Ne1 Nc6 13. b4 Be7 14. f4 Bh7 15. g4 O-O 16. f5 Bg5 17.
Bxg5 Qxg5 18. Kh1 exf5 19. gxf5 Bxf5 20. Rxf5 Qxf5 21. Bg4 Qg6 22. Bxd7 Rad8 23. axb5 axb5 24. Qg4 Qxg4 25. Bxg4 Ra8 26. Rc1 Rfd8 27. e6 Ra2 28.
exf7+ Kxf7 29. Nef3 Rd6 30. Kg2 g6 31. Kf2 Rf6 32. Ke2 h5 33. Ng5+ Kg7 34. Bf3 Kh6 35. h4 Rf4 36. Bxd5 Rxh4 37. Nf3 Nxd4+ 38. cxd4 Rg4 39.
Ke3 h4 40. Bc6 Ra3+ 41. Ke2 Rd3 42. Bxb5 Rg2+ 43. Kf1 Rgxd2 44. Nxd2 Rxd2 45. Bxc4 Rxd4 46. b5 Rd2 47. Rb1 g5 48. b6 Rd8 49. b7 Rb8 50.
Be6 Kg6 51. Bc8 Kf6 52. Ra1 Ke5 53. Ra8 Kf4 54. Rxb8 1-0

[Event "Late-Titled-Tuesday-Blitz-April-16-2024"]
[Site "Chess.com"]
[Date "2024.04.16"]
[Round "7"]
[White "cukus"]
[Black "Chess_Star1234"]
[Result "1-0"]
[WhiteElo "2381"]
[BlackElo "2515"]
[TimeControl "180+1"]
[EndTime "15:15:19 PDT"]
[Termination "cukus won by checkmate"]

1. d4 d5 2. c4 e6 3. Nc3 Be7 4. cxd5 exd5 5. Bf4 c6 6. e3 Bf5 7. Bd3 Bxd3 8. Qxd3 Nf6 9. Nge2 O-O 10. O-O Nbd7 11. Rae1 Re8 12. f3 c5 13. dxc5 Nxc5 14. Qd2 Qb6 15. Nd4 Rad8 16. Kh1 a6 17. Nf5 Bf8 18. Bg5 Qe6 19. Nd4 Qb6 20. b3 Rd7 21. Rd1 Ne6 22. Bxf6 gxf6 23. Nf5 Red8 24. Qf2 Kh8 25. Qh4 Ng7 26. Nh6 Qe6 27. Ne2 Qxe3 28. Qxf6 Qxe2 29. Nxf7+ Rxf7 30. Qxd8 Qxa2 31. Qxd5 Re7 32. Qd8 Re8 33. Qb6 Re7 34. Rd8 Rf7 35. Qxb7 Qd2 36. Qxa6 Rb7 37. Qxb7 Qxd8 38. b4 Kg8 39. b5 Qd3 40. Rc1 h5 41.
Qc6 Qd2 42. Qc4+ Kh8 43. b6 Qb2 44. Qc8 Kh7 45. b7 Ba3 46. Qc2+ Qxc2 47. Rxc2 Bd6 48.
Rc8 Kg6 49. Rc6 Nf5 50. b8=Q Kg5 51. Rxd6 Nxd6 52. Qxd6 Kh4 53. Qg3# 1-0

[Event "Late-Titled-Tuesday-Blitz-April-16-2024"]
[Site "Chess.com"]
[Date "2024.04.16"]
[Round "7"]
[White "Brown_Mamba24"]
[Black "Attacker_2006"]
[Result "1-0"]
[WhiteElo "2651"]
[BlackElo "2504"]
[TimeControl "180+1"]
[EndTime "15:15:21 PDT"]
[Termination "Brown_Mamba24 won by checkmate"]

1. d4 Nf6 2. c4 e6 3. g3 d5 4. Bg2 dxc4 5. Qa4+ Nbd7 6. Nc3 a6 7. Qxc4 b5 8. Qd3 Rb8 9. Bf4 Bb7 10. Bxb7 Rxb7 11. Qf3 Rb6 12. e4 c5 13. dxc5 Bxc5 14. Rd1 Bb4 15. a3 Bxc3+ 16. Qxc3 O-O 17. Bc7 Qa8 18. Ne2 Nxe4 19. Qf3 Rc6 20. Rxd7 Nf6 21. Rd1 Rxc7 22. Qxa8 Rxa8 23. Nc3 h5 24. Ke2 Rb8 25. Rd6 b4 26. axb4 Rxb4 27. Rd2 h4 28. Ra1 Rc6 29. Ra4 Rxa4 30.
Nxa4 h3 31. Nc3 Ng4 32. Rd4 Nxh2 33. Rh4 f5 34. f3 Rb6 35. Nd1 g5 36. Rxh3 Nxf3 37. Rh6 Kg7 38. Rh1 Nd4+ 39. Kd3 e5 40. Kc4 Rb3 41. Re1 Kf6 42. Kd5 Nf3 43. Rh1 Rb5+ 44. Kd6 e4 45. Nc3 Rxb2 46. Nd5+ Kg7 47. Ke6 Ne5 48. Kxe5 Rb5 49. Ke6 a5 50. Ne3 f4 51.
Nf5+ Kg6 52. Rh6# 1-0

[Event "Late-Titled-Tuesday-Blitz-April-16-2024"]
[Site "Chess.com"]
[Date "2024.04.16"]
[Round "7"]
[White "LuisFSiles"]
[Black "DirtyKabab"]
[Result "1-0"]
[WhiteElo "2410"]
[BlackElo "2523"]
[TimeControl "180+1"]
[EndTime "15:15:24 PDT"]
[Termination "LuisFSiles won on time"]

1. e4 g6 2. Nc3 Bg7 3. f4 c6 4. Bc4 b5 5. Bb3 a5 6. a3 Na6 7. d4 b4 8. axb4 axb4 9. Nce2 d5 10. Nf3 Nf6 11. e5 Ne4 12. Ng3 Nxg3 13. hxg3 Bf5 14. Ng5 h6 15. g4 Bc8 16. Nh3 h5 17. gxh5 Rxh5 18. Nf2 Rxh1+ 19. Nxh1 Bf5 20. g4 Bd7 21. Be3 e6 22. Bf2 Nc7 23. Rb1 Bh6 24. Qf3 Bf8 25. Qh3 c5 26. dxc5 Na6 27. Qh8 Qc7 28. Ra1 Ra7 29. Ng3 Nxc5 30. Rxa7 Qxa7 31. Kd2 Qc7 32. Ne2 Ne4+ 33. Ke1 Nxf2 34. Kxf2 Qc5+ 35. Kf3 Bc6 36. Ng3 d4+ 37. Ne4 d3 38. cxd3 Qd4 39. Ke2 Bxe4 40.
Ba4+ Kd8 41. Qxf8+ Kc7 42. Qd6+ Qxd6 43. exd6+ Kxd6 44. dxe4 Kc5 45. Ke3 f6 46. b3 g5 47. fxg5 fxg5 48.
Bd7 Kd6 49. Bc8 Ke5 50. Bb7 Kd6 51. Kd4 1-0

[Event "Late-Titled-Tuesday-Blitz-April-16-2024"]
[Site "Chess.com"]
[Date "2024.04.16"]
[Round "7"]
[White "FMYiLiu"]
[Black "zacachess"]
[Result "1-0"]
[WhiteElo "2472"]
[BlackElo "2352"]
[TimeControl "180+1"]
[EndTime "15:15:25 PDT"]
[Termination "FMYiLiu won by checkmate"]

1. d4 Nf6 2. Nc3 d5 3. Bf4 c5 4. e3 cxd4 5. exd4 a6 6. Nf3 Nc6 7. Ne5 Bd7 8. g4 e6 9. g5 Ng8 10. h4 Nge7 11. Ne2 Nxe5 12. Bxe5 Nc6 13. Bf4 Qb6 14. Rb1 Qa5+ 15. c3 Qxa2 16. Qc2 Qa5 17. h5 Be7 18. Bg2 Rc8 19. Qd2 Qb6 20. Nc1 Na5 21. Nd3 Bb5 22. Ne5 Nc4 23. Nxc4 Bxc4 24. Be5 f6 25. Bf4 a5 26. h6 g6 27. Rh3 O-O 28. gxf6 Bxf6 29. Rg3 a4 30. Bh3 Rce8 31. Qe3 a3 32. b4 a2 33. Ra1 Qa6 34. Be5 Qa3 35.
Bxf6 Rxf6 36. Qe5 Kf7 37. Rf3 Re7 38. Rxf6+ Ke8 39. Rf3 Qb2 40. Qb8+ Kd7 41. Qxb7+ Kd6 42.
Qb6+ Kd7 43. Qb7+ Kd6 44. Qb8+ Kd7 45. Rf8 Qxa1+ 46. Kd2 Qb2+ 47. Ke3 Qxc3+ 48. Kf4 Qxd4+ 49. Kg3 Qd3+ 50. f3 Kc6 51. Rc8+ Kd7 52. Qc7# 1-0

[Event "Late-Titled-Tuesday-Blitz-April-16-2024"]
[Site "Chess.com"]
[Date "2024.04.16"]
[Round "7"]
[White "schachsensei_YT"]
[Black "ritanovikova"]
[Result "0-1"]
[WhiteElo "2279"]
[BlackElo "2170"]
[TimeControl "180+1"]
[EndTime "15:15:25 PDT"]
[Termination "ritanovikova won on time"]

1. Nf3 Nf6 2. g3 g6 3. Bg2 Bg7 4. O-O O-O 5. d4 d6 6. c4 Nbd7 7. Nc3 Re8 8. e4 e5 9. dxe5 dxe5 10. h3 c6 11. Be3 Qc7 12. Qc2 Nb6 13. b3 h6 14. Rad1 Be6 15. a4 a5 16. Rd2 Rad8 17. Rfd1 Rxd2 18. Qxd2 Re7 19. Bxh6 Rd7 20. Qc1 Rxd1+ 21.
Nxd1 Bxh6 22. Qxh6 Qd6 23. Ne3 Nxe4 24. Nh4 Nd2 25.
c5 Qxc5 26. Nxg6 fxg6 27. Qxg6+ Kf8 28. Qxe6 Qe7 29. Qh6+ Ke8 30. Nf5 Qd7 31. Qh8+ Kf7 32. Qxe5 Nxb3 33. Nd6+ Kf8 34. Be4 Nd2 35. Qf4+ Ke7 36.
Qxd2 Qxd6 37. Qxd6+ Kxd6 38. Bc2 Nd5 39. h4 Ke5 40. g4 Kf4 41. g5 Kg4 42. g6 Kxh4 43. g7 Ne7 44. Bb3 Kg5 45. g8=Q+ Nxg8 46. Bxg8 b5 47. Kg2 Kf4 48. Be6 b4 49. Bc4 c5 50.
Bg8 Ke5 51. Kg3 Kd4 52. f4 c4 53. Kg4 c3 54. Bb3 Kd3 55. f5 c2 56. Bxc2+ Kxc2 57. f6 b3 58. f7 b2 59. f8=Q b1=Q 60. Qf5+ Kb2 61. Qxa5 Ka3 62. Kg5 Qb4 0-1

[Event "Late-Titled-Tuesday-Blitz-April-16-2024"]
[Site "Chess.com"]
[Date "2024.04.16"]
[Round "7"]
[White "Mikhal867"]
[Black "MikaelyanArman"]
[Result "0-1"]
[WhiteElo "2557"]
[BlackElo "2759"]
[TimeControl "180+1"]
[EndTime "15:15:26 PDT"]
[Termination "MikaelyanArman won by resignation"]

1. c4 c5 2. Nf3 b6 3. g3 Bb7 4.
Bg2 g6 5. O-O Bg7 6. Nc3 Nc6 7.
e3 Nh6 8. d4 Nf5 9. d5 Na5 10.
Qe2 Ba6 11. Nd2 Nd6 12. Re1 Naxc4 13. Bf1 Nxd2 14. Qxd2 Bxf1 15. Kxf1 O-O 16. e4 b5 17. f4 b4 18. Na4 Qa5 19. Qc2 Nb5 20. e5 d6 21. b3 Nd4 22. Qc4 dxe5 23. fxe5 Nf3 24. Bf4 Nxe1 25. Qe4 c4 26. Rxe1 c3 27. e6 f5 28. Qd3 Rad8 29. Rd1 Rfe8 30. Be3 Rd6 31. Bc5 Red8 32. Bxd6 Rxd6 33. Qc4 Bf6 34. Qc8+ Qd8 35. Qxd8+ Rxd8 36. Nc5 Rc8 37. Nd7 Kg7 38. Nxf6 Kxf6 39. Ke2 Ke5 40. Ke3 c2 41. Rc1 Kxd5 42. Kf4 h6 43. h4 Kxe6 44. h5 g5+ 45. Ke3 Ke5 46. Kd3 f4 47. gxf4+ gxf4 48. Kd2 Kf5 49. Kd3 e5 50. Kd2 e4 51. Ke2 f3+ 52. Ke3 Ke5 53. a4 bxa3 54. b4 a2 55. b5 a1=Q 56. Rxa1 c1=Q+ 57.
Rxc1 Rxc1 58. b6 Rc3+ 59. Kd2 Rd3+ 60. Ke1 axb6 61. Kf2 b5 0-1

[Event "Late-Titled-Tuesday-Blitz-April-16-2024"]
[Site "Chess.com"]
[Date "2024.04.16"]
[Round "7"]
[White "Firouzja2003"]
[Black "alexrustemov"]
[Result "1-0"]
[WhiteElo "3038"]
[BlackElo "2856"]
[TimeControl "180+1"]
[EndTime "15:15:27 PDT"]
[Termination "Firouzja2003 won on time"]

1. e4 e6 2. d3 c5 3. Nf3 Nc6 4. Qe2 g6 5. h4 h6 6. g3 Bg7 7. Bg2 d6 8. O-O Nge7 9. c3 e5 10. Na3 Bg4 11. Nc2 Qd7 12. Rd1 O-O 13. Ne3 Be6 14. b3 Rae8 15. Bb2 f5 16. Nf1 d5 17. Rac1 fxe4 18. dxe4 d4 19. Ne1 b6 20. Nd3 Bh3 21.
Nh2 Rf7 22. Bxh3 Qxh3 23. Qg4 Qxg4 24. Nxg4 h5 25. Nh2 Ref8 26. cxd4 exd4 27. f4 a5 28. Nf3 Ra8 29. a4 Bf6 30. Kg2 Rff8 31. Nd2 Rab8 32.
Ba3 Rfd8 33. Nc4 Kf7 34. Kf3 Ke6 35. Rh1 Nc8 36. g4 hxg4+ 37. Kxg4 Rh8 38. Rc2 Nd6 39. Nxd6 Kxd6 40. e5+ Bxe5 41. fxe5+ Nxe5+ 42. Nxe5 Kxe5 43. Re2+ Kd5 44. Rhe1 Rh5 45. Bc1 b5 46. Bf4 Rb7 47. Re5+ Rxe5 48. Rxe5+ Kc6 49. Re6+ Kd5 50. Rd6+ Ke4 51.
Rxg6 c4 52. bxc4 bxc4 53. h5 Rb1 54. h6 Rh1 55. Re6+ Kd3 56. Re5 c3 57. Rh5 Rg1+ 58.
Kf5 c2 59. h7 Rf1 60. h8=Q Rxf4+ 61. Kxf4 c1=Q+ 62. Kf5 Qf1+ 63. Ke6 Qe2+ 64. Kd6 Kc3 65. Rc5+ Kb4 66. Qxd4+ Ka3 67. Rc3+ Ka2 68. Qc4+ 1-0

[Event "Late-Titled-Tuesday-Blitz-April-16-2024"]
[Site "Chess.com"]
[Date "2024.04.16"]
[Round "7"]
[White "PawnEatingZombie"]
[Black "DinaBelenkaya"]
[Result "1/2-1/2"]
[WhiteElo "2259"]
[BlackElo "2419"]
[TimeControl "180+1"]
[EndTime "15:15:27 PDT"]
[Termination "Game drawn by repetition"]

1. e4 c6 2. Nf3 d5 3. d3 dxe4 4. dxe4 Qxd1+ 5. Kxd1 g5 6. Ne1 g4 7. Nd3 h5 8. Be3 Nf6 9. Nd2 Na6 10. c3 Bh6 11. Bxh6 Rxh6 12. Kc2 Be6 13. b3 O-O-O 14. Re1 Nd7 15. Nf4 Ne5 16. Bxa6 bxa6 17. Nxe6 fxe6 18.
f4 gxf3 19. Nxf3 Nxf3 20. gxf3 Rf6 21. Rhf1 e5 22. Re3 Rg8 23. Rf2 Rf4 24. Kd3 Rg1 25.
Kc4 Kc7 26. Kc5 h4 27. a4 h3 28. b4 Rg2 29. Ree2 Rg1 30. Rd2 Re1 31. Rd3 Ra1 32. a5 Rg1 33. c4 Rg2 34. Rdd2 Rg1 35. Rd3 Rc1 36. Rfd2 Rf8 37. Rd7+ Kb8 38. Rxe7 Rc3 39.
Rdd7 Rcxf3 40. Rb7+ Ka8 41. Rxa7+ Kb8 42. Reb7+ Kc8 43. Rc7+ Kb8 44. Rcb7+ Kc8 45. Rb6 R3f6 46. Ra8+ Kc7 47. Rxf8 Rxf8 48. Rxc6+ Kb7 49. Rb6+ Ka7 50. Kd5 Rf2 51. Rh6 Rxh2 52. Kxe5 Kb7 53. Ke6 Re2 54. e5 h2 55. Kd6 Rd2+ 56. Ke7 Kc7 57.
e6 Re2 58. c5 Kc6 59. Kf7 Rf2+ 60. Ke8 Kc7 61. e7 Re2 62. Kf8 Rf2+ 63. Ke8 Re2 64.
Kf8 Rf2+ 65. Ke8 1/2-1/2

[Event "Late-Titled-Tuesday-Blitz-April-16-2024"]
[Site "Chess.com"]
[Date "2024.04.16"]
[Round "7"]
[White "AlexeiShirov"]
[Black "HansOnTwitch"]
[Result "1/2-1/2"]
[WhiteElo "2837"]
[BlackElo "3156"]
[TimeControl "180+1"]
[EndTime "15:15:29 PDT"]
[Termination "Game drawn by repetition"]

1. e4 c5 2. Nf3 d6 3. d4 cxd4 4. Nxd4 Nf6 5. Nc3 a6 6. Be3 e5 7. Nb3 Be6 8. f3 Be7 9. Qd2 h5 10. Nd5 Nxd5 11. exd5 Bf5 12. Na5 b6 13. Nc4 Nd7 14. a4 O-O 15. Be2 Bh4+ 16. g3 Be7 17.
h4 Rc8 18. c3 Nc5 19. Ra3 e4 20. O-O Bg6 21. f4 Bf5 22. Bd4 Nd3 23. Ne3 Bh3 24. Bxd3 exd3 25. Re1 Re8 26. Raa1 Bf6 27. Qxd3 Bxd4 28.
Qxd4 b5 29. axb5 axb5 30. Kf2 Ra8 31. Rxa8 Qxa8 32. Qb4 Qa6 33. Qd4 Qa2 34. Re2 Qb1 35. Qd1 Qe4 36. Re1 b4 37. Qd4 Qg6 38. Qxb4 Kh8 39.
Qd4 Rb8 40. b4 f6 41. Rd1 Re8 42. Qd3 Qf7 43. Qe2 g6 44. Qd3 Qa7 45. Qd4 Qe7 46. b5 Kg7 47. b6 Ra8 48. Rd2 Qb7 49. Nc4 Ra1 50. Nxd6 Qe7 51. Ne4 Rf1+ 52. Ke2 Qa3 53. Qxf6+ Kg8 54. Qxg6+ Kh8 55. Qh6+ Kg8 56. Qg6+ Kh8 57.
Qxh5+ Kg8 58. Qg5+ Kh8 59. Qh6+ Kg8 60. Qg6+ Kh8 61.
Qf6+ Kg8 62. Qg6+ Kh8 63. Qf6+ Kg8 64. Qg6+ 1/2-1/2

[Event "Late-Titled-Tuesday-Blitz-April-16-2024"]
[Site "Chess.com"]
[Date "2024.04.16"]
[Round "7"]
[White "dasatcu90"]
[Black "ploxoi"]
[Result "0-1"]
[WhiteElo "2181"]
[BlackElo "2405"]
[TimeControl "180+1"]
[EndTime "15:15:29 PDT"]
[Termination "ploxoi won on time"]

1. d4 d5 2. Nf3 Nf6 3. e3 e6 4. Bd3 c5 5. c3 Nc6 6. Nbd2 Bd6 7.
O-O O-O 8. dxc5 Bxc5 9. b4 Bd6 10. b5 Ne5 11. Nxe5 Bxe5 12. Bb2 Qc7 13. Nf3 Bd6 14. c4 dxc4 15. Rc1 Qe7 16. Rxc4 Bd7 17. Bxf6 Qxf6 18.
Bxh7+ Kxh7 19. Qxd6 Bxb5 20. Rh4+ Kg8 21. Rb1 Bc6 22.
Qd3 g6 23. Rf4 Qe7 24. Ne5 Rfd8 25. Qc3 Be8 26. Ng4 f5 27. Ne5 Rac8 28. Rc4 Rxc4 29.
Qxc4 Qd6 30. f4 b5 31. Qb4 Qxb4 32. Rxb4 Rd2 33. a3 Re2 34. Rb3 a6 35. h3 Kg7 36.
Kf1 Rc2 37. g4 Kf6 38. g5+ Kg7 39. Kg1 Kf8 40. Rd3 Ke7 41. h4 a5 42. Rb3 Ra2 43.
Rc3 b4 44. axb4 axb4 45. Rc7+ Kd6 46. Rb7 Ra1+ 47. Kf2 Rb1 48. Kf3 Rh1 49. Kg3 Rb1 50. Kf3 b3 51. h5 gxh5 52. g6 b2 53. g7 Rg1 54. Rxb2 Rxg7 55. Rb6+ Ke7 56. Rb8 Kf6 0-1

[Event "Late-Titled-Tuesday-Blitz-April-16-2024"]
[Site "Chess.com"]
[Date "2024.04.16"]
[Round "7"]
[White "temus_galaktionov"]
[Black "mishanick"]
[Result "1/2-1/2"]
[WhiteElo "2877"]
[BlackElo "3048"]
[TimeControl "180+1"]
[EndTime "15:15:33 PDT"]
[Termination "Game drawn by repetition"]

1. d4 Nf6 2. c4 e6 3. Nf3 d5 4.
Nc3 Nbd7 5. Bf4 Bb4 6. cxd5 Nxd5 7. Bd2 N5f6 8. e3 b6 9. a3 Bxc3 10. Bxc3 Bb7 11. Be2 O-O 12. O-O Ne4 13. Rc1 c5 14.
dxc5 Nxc3 15. Rxc3 Nxc5 16. b4 Ne4 17. Rc4 Rc8 18.
Qxd8 Rfxd8 19. Rfc1 Rxc4 20. Rxc4 Nd6 21. Rc7 Rc8 22. Rxc8+ Bxc8 23. Kf1 Bb7 24. Nd2 Kf8 25. f3 Ke7 26. Bd3 f5 27. f4 g6 28. g3 e5 29. Nc4 exf4 30. Nxd6 Kxd6 31. gxf4 Bd5 32. h4 Bc6 33. Ke2 Kd5 34. Kd2 Ke6 35. Kc3 Kf6 36.
Kd4 Bf3 37. Bc4 Kg7 38. Bd5 Bxd5 39. Kxd5 Kh6 40. Kc6 Kh5 41. Kb7 Kxh4 42. b5 Kg3 43.
Kxa7 h5 44. Kxb6 h4 45. Ka7 h3 46. b6 h2 47. b7 h1=Q 48. b8=Q Qd5 49. Qb6 Qd7+ 50.
Kb8 Qe8+ 51. Kc7 Kh4 52. Qc5 Qf7+ 53. Kb6 Qb3+ 54. Kc6 Qa4+ 55. Kd6 Kg4 56. Ke5 Qa6 57. Qb4 Kf3 58. Qc5 Kg4 59. Kd5 Qd3+ 60. Ke5 Qa6 1/2-1/2

[Event "Late-Titled-Tuesday-Blitz-April-16-2024"]
[Site "Chess.com"]
[Date "2024.04.16"]
[Round "7"]
[White "artin10862"]
[Black "Vladimir_2020"]
[Result "1-0"]
[WhiteElo "2937"]
[BlackElo "2762"]
[TimeControl "180+1"]
[EndTime "15:15:33 PDT"]
[Termination "artin10862 won on time"]

1. d4 d5 2. Nf3 Nf6 3. c4 c6 4.
Nc3 a6 5. cxd5 cxd5 6. Bf4 Nc6 7.
e3 Bg4 8. Qb3 Na5 9. Qa4+ Bd7 10. Qc2 e6 11. Bd3 Rc8 12. O-O Bb4 13. Ne5 Nc6 14. Qe2 Bxc3 15. bxc3 Nxe5 16. dxe5 Ng8 17.
Qg4 Kf8 18. Bg3 Ne7 19. Bh4 h6 20. Qb4 g5 21. Bg3 b5 22. f4 Qc7 23. fxg5 hxg5 24. Qg4 Qxc3 25. Rad1 Rg8 26. Qh5 Nf5 27. Bxf5 exf5 28.
Rxd5 Be6 29. Rd6 Qxe3+ 30. Kh1 Rc1 31. Qh6+ Ke8 32. Rxe6+ fxe6 33. Qxe6+ Kf8 34. Qxf5+ Kg7 35. h3 Rxf1+ 36. Qxf1 Rf8 37. Qd1 Qxg3 38. e6 Qf4 39. Qd7+ Kh6 40. e7 Qc1+ 41. Kh2 Qf4+ 42. Kh1 Qc1+ 43. Kh2 Rf1 44. Qe6+ Kg7 45. Qe5+ Kh7 46. Qe4+ Kh6 47. Qe6+ Kg7 48. Qe5+ Kh7 49. e8=Q Rh1+ 50. Kg3 Qa3+ 51. Kg4 1-0

[Event "Late-Titled-Tuesday-Blitz-April-16-2024"]
[Site "Chess.com"]
[Date "2024.04.16"]
[Round "7"]
[White "jinxy2009"]
[Black "CURRUTACO59"]
[Result "0-1"]
[WhiteElo "2296"]
[BlackElo "2164"]
[TimeControl "180+1"]
[EndTime "15:15:36 PDT"]
[Termination "CURRUTACO59 won on time"]

1. e4 e5 2. Nf3 Nc6 3. Bc4 Bc5 4. O-O Nf6 5. d3 d6 6. c3 a6 7. a4 Ba7 8. Re1 h6 9. Nbd2 O-O 10. h3 Ne7 11. Nf1 Ng6 12. d4 Nh5 13. Bb3 Nhf4 14. Ng3 Qf6 15. Bc2 Re8 16. Be3 Be6 17. Qd2 Nxh3+ 18. gxh3 Qxf3 19. Bd1 Qf6 20. Nh5 Qh4 21. f4 Bxh3 22. f5 Bg4 23. fxg6 Bxh5 24. Bf2 Qf6 25. Bxh5 fxg6 26. Bg4 Rf8 27. Rf1 h5 28. Bh3 Qe7 29. Bg2 Rf4 30. Be3 Rg4 31. Rf2 Re8 32. d5 Bxe3 33.
Qxe3 h4 34. Kh2 g5 35. Bh3 Rf4 36. Be6+ Kh7 37. Rxf4 exf4 38. Qf3 Qf6 39. Qh5+ Qh6 40. Qxh6+ Kxh6 41. Kh3 g6 42. Kg4 Kg7 43. b4 b6 44.
c4 Rf8 45. a5 f3 46. Rf1 Rf4+ 47. Kh3 Rxe4 48. Bg4 Rxc4 49. axb6 cxb6 50. Rxf3 Rxb4 51. Be6 a5 52. Rf7+ Kh6 53. Ra7 Rb3+ 54. Kg2 Rg3+ 55.
Kh2 Ra3 56. Rd7 g4 57. Rxd6 Kg5 58. Rxb6 g3+ 59. Kh3 Ra2 0-1

[Event "Late-Titled-Tuesday-Blitz-April-16-2024"]
[Site "Chess.com"]
[Date "2024.04.16"]
[Round "7"]
[White "AlphaGoosee"]
[Black "ATM622"]
[Result "0-1"]
[WhiteElo "2573"]
[BlackElo "2457"]
[TimeControl "180+1"]
[EndTime "15:15:37 PDT"]
[Termination "ATM622 won by resignation"]

1. e4 c6 2. d4 g6 3. f4 Bg7 4.
Be3 d6 5. Nf3 Nd7 6. Bc4 Ngf6 7.
e5 Nd5 8. Bd2 O-O 9. O-O dxe5 10. fxe5 N7b6 11. Bb3 Bf5 12. c4 Nc7 13. Nc3 a5 14. a4 Bd3 15. c5 Nbd5 16. Re1 Ne6 17. Nxd5 cxd5 18. Be3 Be4 19. Nd2 Bd3 20. Qf3 Nc7 21.
h4 Qd7 22. h5 f6 23. exf6 Bxf6 24. Qg3 Bf5 25. Nf3 Kh8 26. h6 Be4 27. Ng5 Bf5 28.
Bf4 Ne8 29. Be5 Kg8 30. Rad1 e6 31. Nf3 Qd8 32. Bxf6 Nxf6 33. Qe5 Qd7 34. Ng5 Ng4 35. Qg3 Rae8 36. Nf3 Nf6 37. Ne5 Qe7 38. c6 Nh5 39. Qh2 bxc6 40. g4 Bxg4 41. Nxg4 Qg5 42. Qg2 Rf4 43. Ne5 Qxh6 44. Rf1 Ref8 45. Rxf4 Nxf4 46.
Qh2 Qg5+ 47. Kh1 Qf5 48. Rf1 Qe4+ 49. Kg1 Ne2+ 50. Qxe2 Qxe2 51. Rxf8+ Kxf8 52. Nd7+ Ke7 53. Nc5 Qxb2 54. Kf1 Qxd4 55. Nb7 Qa1+ 56. Kg2 Qb2+ 57. Kg3 Qxb3+ 58. Kg4 Qxb7 59. Kg5 c5 60. Kh6 c4 61. Kg7 c3 62. Kg8 c2 63. Kg7 c1=Q 64. Kg8 Kf6 0-1

[Event "Late-Titled-Tuesday-Blitz-April-16-2024"]
[Site "Chess.com"]
[Date "2024.04.16"]
[Round "7"]
[White "TheAlienParty"]
[Black "dianamirza"]
[Result "1/2-1/2"]
[WhiteElo "2401"]
[BlackElo "1953"]
[TimeControl "180+1"]
[EndTime "15:15:48 PDT"]
[Termination "Game drawn - timeout vs insufficient material"]

1. c4 c5 2. Nf3 Nc6 3. d4 g6 4. dxc5 Qa5+ 5. Bd2 Qxc5 6. Bc3 Nf6 7. e3 Bg7 8. Be2 O-O 9. O-O b6 10. Na3 Bb7 11.
Nc2 Ne4 12. Bxg7 Kxg7 13. a3 a5 14. Qxd7 Ba6 15. b4 axb4 16. axb4 Nxb4 17. Nxb4 Qxb4 18. Qd4+ Nf6 19. Rab1 Qc5 20. Rxb6 Qc7 21. Rc1 Rfd8 22. Qb2 Kg8 23. c5 Ne4 24. Bxa6 Nxc5 25. Bf1 Rd5 26.
h3 e5 27. Rb5 Qd6 28. Qb4 Ra4 29. Rcxc5 Rxb4 30. Rxd5 Qe7 31. Rxe5 Qd6 32. Rxb4 Qxb4 33. g3 h5 34. Rb5 Qe4 35. Bg2 Qd3 36. Rb2 Kg7 37.
Rd2 Qb1+ 38. Kh2 Qb4 39. h4 Qc3 40. Re2 Qd3 41. Nd4 Qd1 42. Be4 Qf1 43. Bg2 Qd1 44. Rb2 Qd3 45. Kg1 Qd1+ 46. Bf1 Qa4 47. Bb5 Qa7 48. Kg2 Qe7 49. Be2 Qe4+ 50. Bf3 Qd3 51. Rb7 Qc4 52. Nc6 Kf6 53. Nd8 Ke5 54. Nxf7+ Kf6 55. Ng5 Qc8 56. Be4 Ke5 57. Rb5+ Kf6 58.
Rb6+ Ke5 59. Rxg6 Qc7 60. Rh6 Qg7 61. Rxh5 Kd6 62. Rh7 Qc3 63. Rb7 Qe1 64. h5 Qa1 65. h6 Qa5 66. h7 Qe5 67. Nf7+ Ke6 68. Nxe5 Kxe5 69. h8=Q+ Kd6 70. Rb6+ Kc5 1/2-1/2

[Event "Late-Titled-Tuesday-Blitz-April-16-2024"]
[Site "Chess.com"]
[Date "2024.04.16"]
[Round "7"]
[White "ccccvhhhj"]
[Black "chucksterf10"]
[Result "0-1"]
[WhiteElo "2438"]
[BlackElo "2584"]
[TimeControl "180+1"]
[EndTime "15:15:53 PDT"]
[Termination "chucksterf10 won on time"]

1. e4 c5 2. Nf3 e5 3. Nxe5 Qe7 4.
Nf3 Qxe4+ 5. Be2 Nc6 6. O-O Be7 7. Nc3 Qg6 8. Nb5 Kf8 9. d4 d5 10. Nc7 Bh3 11. Ne1 Rd8 12. Bd3 f5 13. Kh1 Rd7 14. Nb5 a6 15. gxh3 axb5 16. Bxb5 cxd4 17. Rg1 Qe6 18.
Nf3 Bc5 19. Re1 Qd6 20. Bxc6 bxc6 21. Nxd4 Bxd4 22. Qxd4 c5 23. Qd3 g6 24. Bd2 Nf6 25.
f3 Kf7 26. a4 d4 27. b3 Qd5 28.
a5 Ra8 29. Qc4 Rb7 30. Qxd5+ Nxd5 31. Re5 Rd7 32. Kg2 Kf6 33. Rae1 Nc3 34. Bxc3 dxc3 35.
Re6+ Kf7 36. R6e5 Rd2+ 37. R1e2 Rxa5 38. Kf2 Rxe2+ 39. Rxe2 Ra2 40. Ke3 Ra1 41. Kd3 Rf1 42. Kxc3 Rxf3+ 43. Kc4 Rxh3 44. Kxc5 f4 45. b4 f3 46. Rf2 g5 47. b5 g4 48. b6 Rh5+ 49.
Kc6 Rh6+ 50. Kc7 Rh5 51. b7 Rc5+ 52. Kd7 Rb5 53. Kc8 h5 54. b8=Q Rxb8+ 55. Kxb8 Ke6 56. Kb7 Kd5 57. Rd2+ Kc4 58. Kb6 h4 59. Kc6 g3 60.
hxg3 hxg3 61. Rd3 g2 62. Rxf3 g1=Q 63. Rf4+ Kc3 64. Rf5 Qg6+ 0-1

[Event "Late-Titled-Tuesday-Blitz-April-16-2024"]
[Site "Chess.com"]
[Date "2024.04.16"]
[Round "7"]
[White "DraningWaterHi"]
[Black "Mariia89"]
[Result "0-1"]
[WhiteElo "2191"]
[BlackElo "2229"]
[TimeControl "180+1"]
[EndTime "15:15:53 PDT"]
[Termination "Mariia89 won on time"]

1. d4 Nf6 2. Nf3 c5 3. d5 d6 4. c4 b5 5. cxb5 a6 6. bxa6 Bxa6 7. Nc3 g6 8. e4 Bxf1 9. Kxf1 Bg7 10. g3 O-O 11.
Kg2 Nbd7 12. Qc2 Qa5 13. Bd2 Rfb8 14. b3 Qa3 15. h3 Ne8 16. Be1 Nc7 17. Nd2 Na6 18.
Nc4 Qb4 19. f4 Qb7 20. Na5 Qc7 21. Nc4 Nb4 22. Qe2 Nb6 23. a3 Nxc4 24. bxc4 Na6 25.
Nb5 Qd7 26. Rb1 Nc7 27. Bf2 Nxb5 28. cxb5 Rxa3 29. b6 Qb7 30. Qb5 Ra6 31. Qc6 Rxb6 32. Rxb6 Qxb6 33. Qd7 Qb7 34. Qa4 Ra8 35. Qc2 Rb8 36.
Rd1 h5 37. Qa4 Qb2 38. Rf1 Qb5 39. Qxb5 Rxb5 40. g4 hxg4 41. hxg4 Rb2 42. Kg3 Rb3+ 43. Kh4 Bf6+ 44. g5 Bc3 45. Rc1 Kg7 46. Be1 Bxe1+ 47. Rxe1 Rd3 48. e5 Rxd5 49. e6 f6 50.
gxf6+ Kxf6 51. Rg1 Rf5 52. Kg4 Kxe6 53. Re1+ Kf6 54.
Ra1 Rd5 55. Ra6 Kf7 56. Rc6 Rf5 57. Ra6 Rd5 58. Ra4 Rd1 59. Re4 Rg1+ 60. Kf3 Kf6 61.
Re2 c4 62. Ke4 Rd1 63. Ke3 d5 64. Ra2 Rd3+ 65. Kf2 Rb3 66. Ra6+ e6 67. Ke2 Rh3 0-1

[Event "Late-Titled-Tuesday-Blitz-April-16-2024"]
[Site "Chess.com"]
[Date "2024.04.16"]
[Round "7"]
[White "dosto07"]
[Black "pooh2012"]
[Result "0-1"]
[WhiteElo "2507"]
[BlackElo "2524"]
[TimeControl "180+1"]
[EndTime "15:15:57 PDT"]
[Termination "pooh2012 won on time"]

1. e4 e6 2. d4 d5 3. Nd2 a6 4.
Bd3 Nf6 5. Ngf3 Be7 6. O-O dxe4 7. Nxe4 Nbd7 8. c3 b6 9. Nxf6+ Nxf6 10. Ne5 Bb7 11. Bg5 O-O 12. Qe2 h6 13. Bh4 Re8 14.
f4 c5 15. dxc5 Bxc5+ 16. Kh1 Be7 17. Rad1 Qc7 18. Rfe1 Nd5 19. Bg3 Bd6 20. c4 Bxe5 21.
fxe5 Ne7 22. Bb1 Rad8 23. Rd6 Nf5 24. Bxf5 exf5 25. Rdd1 Qc6 26. b3 g5 27. Rxd8 Rxd8 28. h3 f4 29. Bh2 Qe6 30. Kg1 f3 31. gxf3 Qxh3 32. Qg2 Qxg2+ 33. Kxg2 Rd2+ 34. Kg1 Bxf3 35. Re3 Rg2+ 36. Kf1 g4 37. Bf4 Rxa2 38. e6 fxe6 39. Rxe6 b5 40. c5 Rc2 41. b4 a5 42. bxa5 Rxc5 43. a6 Rc2 44. Bxh6 Ra2 45. Bf4 b4 46. Rb6 Be2+ 47. Kf2 Bxa6+ 48. Kg3 Kf7 49. Kxg4 Bc8+ 50. Kg5 Ra4 51. Rc6 Bd7 52. Rc7 Ke6 53. Rc4 Ra5+ 54.
Kg4 Rb5 55. Rc2 Kd5+ 56. Kf3 b3 57. Rd2+ Kc6 58. Be5 Rxe5 59. Kf4 Rc5 60. Ke3 Be6 61.
Kd4 Kb5 62. Rb2 Kb4 63. Rb1 Bc4 64. Rb2 Rd5+ 65. Ke4 Rd3 66. Rb1 Kc3 67. Rc1+ Kb4 68. Rb1 Rc3 69. Kd4 Bd3 70. Rb2 Bc2 0-1